 Dungeon Crawl Stone Soup version 0.32-a0-18-g89e19f1974 (webtiles) character file.

Game seed: 9584974932881811428

6582 bobo the Mimic (level 11, -2/88 HPs)
             Began as an Octopode Shapeshifter on Jan 17, 2024.
             Was an Initiate of Gozag.
             Slain by a six-headed hydra (13 damage)
             ... on level 8 of the Dungeon.
             The game lasted 00:26:02 (9557 turns).

bobo the Mimic (Octopode Shapeshifter)              Turns: 9557, Time: 00:26:02

Health: -2/88      AC:  8    Str: 23    XL:     11   Next: 1%
Magic:  11/11      EV: 11    Int: 13    God:    Gozag
Gold:   680        SH:  0    Dex: 23    Spells: 10/10 levels left

rFire   . .          .
                       - Unarmed
rCold   + . .        (shield currently unavailable)
rNeg    . . .        (helmet currently unavailable)
rPois   +            D - amulet of the acrobat
rElec   .            m - ring of flight
rCorr   .            p - +6 ring of dexterity
SInv    .            g - ring of wizardry
Will    .....        F - +6 ring of dexterity
Stlth   +++          G - ring of protection from cold
HPRegen 0.34/turn    (no ring)
MPRegen 0.12/turn    (no ring)
                     (no ring)

%: acrobat, wizardry (x1)
@: snake-form, flying
A: constrict, boosted hp, almost no armour, amphibious, 8 rings, large,
(camouflage 1), (gelatinous body 1), (nimble swimmer 1), (tentacles)
a: Begin Untransformation, Renounce Religion, Potion Petition, Call Merchant,
Bribe Branch


You were on level 8 of the Dungeon.
You worshipped Gozag.
Gozag was pleased with you.
You were an enormous serpent.
You visited 2 branches of the dungeon, and saw 9 of its levels.

You collected 1399 gold pieces.
You spent 420 gold pieces at shops.
You paid 299 gold pieces to Gozag.

Inventory:

Missiles
 d - 27 poisoned darts (quivered)
 s - 2 curare-tipped darts
Jewellery
 g - a ring of wizardry (on tentacle)
 m - a ring of flight (left tentacle)
 p - a +6 ring of dexterity (right tentacle)
 D - an amulet of the acrobat (around neck)
 F - a +6 ring of dexterity (on tentacle)
 G - a ring of protection from cold (on tentacle)
Talismans
 b - a beast talisman
 c - a flux talisman
 f - a serpent talisman (active)
Wands
 j - a wand of digging (8)
 u - a wand of flame (16)
Scrolls
 a - 4 scrolls of teleportation
 e - a scroll of torment {unknown}
 h - 3 scrolls of fog
 l - 3 scrolls of vulnerability
 n - 2 scrolls of enchant armour
 t - a scroll of butterflies {unknown}
 v - 3 scrolls of fear
 x - a scroll of immolation {unknown}
 H - a scroll of blinking {unknown}
Potions
 i - 5 potions of curing
 k - 2 potions of ambrosia
 o - 2 potions of attraction
 q - a potion of mutation {unknown}
 r - a potion of might
 z - 3 potions of brilliance
 A - 2 potions of invisibility
 B - a potion of lignification
 C - a potion of berserk rage {unknown}
 E - a potion of degeneration {unknown}


   Skills:
 * Level 8.6 Fighting
 - Level 5.0 Throwing
 - Level 2.0 Dodging
 - Level 3.0 Stealth
 * Level 9.0 Unarmed Combat
 * Level 9.4 Shapeshifting


You had 10 spell levels left.
You didn't know any spells.
Your spell library contained the following spells:

 Spells                   Type           Power      Damage    Failure   Level
 Freeze                   Ice            0%         1d3       12%         1
 Static Discharge         Conj/Air       0%         3-3/arc   19%         2
 Frozen Ramparts          Ice            0%         1d1       34%         3
 Hailstorm                Conj/Ice       0%         3d5       34%         3
 Airstrike                Air            0%         2d(0-16)  73%         4
 Summon Lightning Spire   Summ/Air       0%         N/A       73%         4


Dungeon Overview and Level Annotations

Branches:
Dungeon (8/15)             Temple (1/1) D:4
   Lair: D:8-11

Altars:
Ashenzari
Cheibriados
Dithmenos
Elyvilon
Fedhas
Gozag
Hepliaklqana
Kikubaaqudgha
Nemelex Xobeh
Okawaru
Qazlal
Ru
Trog
Uskayaw
Vehumet
Wu Jian
Xom
Zin
The Shining One

Shops:
D:1 !   D:6 =


Innate Abilities, Weirdness & Mutations

You are an enormous serpent.
You have a powerful constriction melee attack.
Your maximum health is increased.
Your armour is entirely melded.
You are incapable of wielding weapons or throwing items.
You cannot wear most types of armour.
You are amphibious.
You can wear up to eight rings at the same time.
((Your skin changes colour to match your surroundings (Stealth+).))
((Your rubbery body absorbs attacks. (AC +1, EV +1)))
((You are camouflaged when in or above water. (Stealth+)))
((You have tentacles for arms and can constrict up to eight enemies at once.))


Message History

The six-headed hydra barely misses you.
You lash the six-headed hydra!
The six-headed hydra is moderately wounded.
The six-headed hydra bites you!
The six-headed hydra bites you but does no damage. x2
The six-headed hydra completely misses you.
The six-headed hydra bites you. The six-headed hydra bites you!
You body-slam the six-headed hydra!!
The six-headed hydra is severely wounded.
The six-headed hydra bites you.
The six-headed hydra bites you but does no damage.
The six-headed hydra bites you. The six-headed hydra bites you!
The six-headed hydra bites you but does no damage.
The six-headed hydra bites you!
You barely miss the six-headed hydra.
The six-headed hydra is severely wounded.
The six-headed hydra bites you.
The six-headed hydra barely misses you. x2
The six-headed hydra bites you! x2
* * * LOW HITPOINT WARNING * * *
The six-headed hydra bites you.
* * * LOW HITPOINT WARNING * * *
You feel much better. The six-headed hydra bites you. x2
The six-headed hydra bites you!
* * * LOW HITPOINT WARNING * * *
The six-headed hydra misses you. The six-headed hydra bites you.
* * * LOW HITPOINT WARNING * * *
The six-headed hydra bites you but does no damage.
You body-slam the six-headed hydra!!
The six-headed hydra is almost dead.
You hear a shout!
You barely miss the six-headed hydra.
The six-headed hydra is almost dead.
The six-headed hydra bites you but does no damage.
The six-headed hydra bites you!
* * * LOW HITPOINT WARNING * * *
The six-headed hydra barely misses you.
The six-headed hydra bites you but does no damage.
The six-headed hydra bites you!
You die...
Your body crumbles into a pile of gold.

♣♣ ..♣#♣ ♣#
♣♣♣♣♣♣♣♣♣♣♣.♣#. .#
♣($...SD..♣.♣#.♣♣♣.#
♣.♣♣♣♣♣♣♣.♣.♣ ..♣..
♣.♣ ♣.♣#♣.♣.♣# ♣.♣
♣.♣♣..#..# ♣.♣
♣..).#.#.# ♣.♣
♣.♣♣).#).# ♣.♣
♣.♣#♣.♣.♣#
♣.♣♣♣♣♣♣♣♣♣)♣#..♣..#
♣...........♣#.♣♣♣?#


You could see a six-headed hydra.

Vanquished Creatures
  2 cyclopes
  Grinder (D:5)
  A yak (D:8)
  A wyvern (D:8)
  Menkaure (D:5)
  A steam dragon (D:7)
  7 orc warriors
  3 black bears
  3 ice beasts
  A wolf (D:6)
  10 ogres (D:6)
  A centaur (D:8)
  A phantom (D:5)
  3 kobold brigands
  2 bullfrogs (D:7)
  4 gnoll sergeants
  3 scorpions
  A wight (D:8)
  5 killer bees (D:8)
  9 howler monkeys
  2 bombardier beetles
  12 hounds
  11 orc priests
  A sleepcap (D:5)
  Jessica (D:2)
  4 iguanas
  6 orc wizards
  11 gnolls
  12 adders
  4 white imps
  2 ufetubi (D:6)
  3 dart slugs
  2 ribbon worms
  26 orcs
  9 ball pythons
  10 endoplasms
  3 giant cockroaches (D:2)
  6 hobgoblins
  6 jackals
  5 quokkas
  2 bats (D:1)
  3 frilled lizards
  16 goblins
  17 kobolds
  8 rats
242 creatures vanquished.

Vanquished Creatures (others)
  An orc wizard (D:6)
1 creature vanquished.

Grand Total: 243 creatures vanquished

Notes
Turn   | Place    | Note
-------+----------+-------------------------------------------
     0 | D:1      | bobo the Octopode Shapeshifter began the quest for the Orb.
     0 | D:1      | Reached XP level 1. HP: 13/13 MP: 1/1
    95 | D:1      | Reached XP level 2. HP: 18/18 MP: 2/2
   398 | D:1      | Found Sopresm's Distillery.
   430 | D:1      | Reached skill level 1 in Stealth
   459 | D:1      | Reached XP level 3. HP: 20/24 MP: 3/3
   864 | D:1      | Bought a potion of curing for 30 gold pieces
   938 | D:2      | Noticed Jessica
   952 | D:2      | Killed Jessica
   953 | D:2      | Reached skill level 1 in Throwing
   953 | D:2      | Reached XP level 4. HP: 24/30 MP: 4/4
   996 | D:2      | Found a white marble altar of Elyvilon.
  1024 | D:2      | Reached XP level 5. HP: 19/35 MP: 5/5
  2373 | D:4      | Reached XP level 6. HP: 19/42 MP: 6/6
  2525 | D:4      | Noticed a black bear
  2536 | D:4      | Killed a black bear
  2671 | D:4      | Noticed a black bear
  2678 | D:4      | Killed a black bear
  2679 | D:4      | Reached XP level 7. HP: 43/47 MP: 7/7
  2754 | D:4      | Found a glowing silver altar of Zin.
  2801 | D:4      | Found a sacrificial altar of Ru.
  3108 | D:4      | Found a staircase to the Ecumenical Temple.
  3114 | Temple   | Entered the Ecumenical Temple
  3130 | Temple   | Became a worshipper of Gozag Ym Sagoz the Greedy
  3698 | D:1      | Bought a potion of heal wounds for 50 gold pieces
  3760 | D:5      | Entered Level 5 of the Dungeon
  3837 | D:5      | Reached skill level 5 in Unarmed Combat
  4035 | D:5      | Noticed Grinder
  4042 | D:5      | Reached XP level 8. HP: 53/54 MP: 8/8
  4060 | D:5      | Killed Grinder
  4061 | D:5      | Reached skill level 5 in Fighting
  4061 | D:5      | Reached skill level 5 in Shapeshifting
  4245 | D:5      | Found an ornate altar of the Wu Jian Council.
  4855 | D:6      | Noticed Menkaure
  4865 | D:5      | Killed Menkaure
  5120 | D:6      | Found Larph's Jewellery Emporium.
  5240 | D:6      | Reached XP level 9. HP: 53/62 MP: 9/9
  5396 | D:6      | Noticed a cyclops
  5995 | D:6      | Found a sparkling altar of Nemelex Xobeh.
  6154 | D:1      | Bought a potion of curing for 30 gold pieces
  6154 | D:1      | Bought a potion of heal wounds for 50 gold pieces
  6154 | D:1      | Bought 2 potions of invisibility for 160 gold pieces
  6154 | D:1      | Bought a potion of curing for 30 gold pieces
  6154 | D:1      | Bought a potion of brilliance for 40 gold pieces
  6154 | D:1      | Bought a potion of lignification for 30 gold pieces
  6407 | D:6      | Found a white marble altar of Elyvilon.
  6688 | D:6      | Reached XP level 10. HP: 54/71 MP: 10/10
  7143 | D:6      | Killed a cyclops
  7144 | D:6      | Reached skill level 5 in Throwing
  9008 | D:8      | Found a blossoming altar of Fedhas.
  9531 | D:8      | Noticed a cyclops
  9539 | D:8      | Killed a cyclops
  9544 | D:8      | Reached XP level 11. HP: 78/78 MP: 11/11
  9546 | D:8      | Noticed a six-headed hydra
  9557 | D:8      | Slain by a six-headed hydra

Illustrated notes

Levels and vault maps discovered:
D:1:      minmay_arrival_four_houses, layout_basic, serial_shops,
          nicolae_shop_advertising_works [nicolae_subvault_shop_adworks],
          minivault_25
D:2:      layout_loops_cross, basic_altar, minmay_indecisive_spiral,
          uniq_jessica
D:3:      layout_loops_cross
D:4:      black_bear_nest_2, layout_loops_corners, nicolae_ru_awakened_eye,
          zin_statuary, minmay_temple_entry_fiery
D:5:      layout_basic, mainiacjoe_overflow_concentric_impassable, uniq_grinder
D:6:      lemuel_castle_with_subvaults [lemuel_castle_interior_carwin_3],
          layout_cave_pools, nemelex_spade_bored_becter, elyvilon_altar_3,
          serial_shops, nicolae_stop_n_shop_1, uniq_menkaure
D:7:      layout_loops_ring, grunt_ministairs_11
D:8:      nzn_winding_woodlands_large [nzn_winding_woodlands_5x5_cross,
          nzn_winding_woodlands_5x15_twine, nzn_winding_woodlands_5x5_perimeter,
          nzn_winding_woodlands_center_triple_pond,
          nzn_winding_woodlands_15x15_boxy_spiral,
          nzn_winding_woodlands_center_lodge,
          nzn_winding_woodlands_5x5_closed_star,
          nzn_winding_woodlands_5x15_river_crossing,
          nzn_winding_woodlands_5x5_open_star], layout_layer_cave,
          nicolae_yredelemnul_corpse_copse, led_sif_book,
          fedhas_bush_and_centaur_altar, hellmonk_guarded_unrand_night
Temple:   nicolae_temple_god_jail

Skill      XL: |  1  2  3  4  5  6  7  8  9 10 |
---------------+-------------------------------+-----
Stealth        | 1 2 3 |  3.0
Fighting       | 2 3 4 6 7 8 |  8.6
Throwing       | 1 2 3 4 5 |  5.0
Unarmed Combat | 4 5 6 8 9 |  9.0
Shapeshifting  | 4 5 7 9 |  9.4
Dodging        | |  2.0

Action                     |  1- 3 |  4- 6 |  7- 9 | 10-12 || total
---------------------------+-------+-------+-------+-------++-------
  Melee: Unarmed           |    79 |    76 |   205 |   148 ||   508
         Constrict         |    17 |    24 |    35 |    41 ||   117
         Tentacles         |    12 |    24 |    43 |    37 ||   116
         Punch             |     1 |     5 |     6 |    14 ||    26
  Throw: Dart              |     3 |     4 |    14 |    19 ||    40
         Boomerang         |       |       |    42 |    36 ||    78
 Invoke: Potion Petition   |       |       |       |     1 ||     1
  Evoke: Wand              |       |       |    10 |     3 ||    13
    Use: Scroll            |       |       |     5 |     5 ||    10
         Potion            |       |       |     8 |     2 ||    10
   Stab: Sleeping          |    12 |     9 |    10 |     3 ||    34
         Distracted        |       |       |     2 |     3 ||     5
 Armour: Skin              |    18 |    38 |    99 |    76 ||   231
  Dodge: Dodged            |    42 |    30 |    93 |    80 ||   245
   Form: Serpent           |       |       |       |     1 ||     1

Table legend: (Time is in decaauts)
 A = Elapsed time spent in this place.
 B = Non-inter-level travel time spent in this place.
 C = Inter-level travel time spent in this place.
 D = Time resting spent in this place.
 E = Time spent auto-exploring this place.
 F = Levels seen in this place.
 G = Mean time per level.
                   A        B        C        D        E       F      G
               +--------+--------+--------+--------+--------+-----+--------+
         Total |   9530 |   8824 |    706 |    968 |   5805 |   9 | 1058.9 |
       Dungeon |   9499 |   8806 |    693 |    968 |   5805 |   8 | 1187.4 |
        Temple |     30 |     17 |     13 |      0 |      0 |   1 |   30.0 |
               +--------+--------+--------+--------+--------+-----+--------+

Top non-repeatable levels by time:
     D:6: 2350 daAuts
     D:5: 1579 daAuts
     D:4: 1321 daAuts
     D:7: 1105 daAuts
     D:1: 986 daAuts
     D:2: 806 daAuts
     D:3: 747 daAuts
     D:8: 602 daAuts
  Temple: 30 daAuts
